 Dungeon Crawl Stone Soup version 0.29-a0-512-gf59ac788ac (webtiles) character file.

Game seed: 8319667688687502719

63 ytrimaz the Firebug (level 3, -29/24 HPs)
             Began as a Demonspawn Fire Elementalist on May 29, 2022.
             Killed by an exploding goblin (36 damage)
             ... ignited by their inner flame
             ... on level 2 of the Dungeon.
             The game lasted 00:03:10 (2431 turns).

ytrimaz the Firebug (Demonspawn Fire Elementalist)  Turns: 2431, Time: 00:03:11

Health: -29/24     AC:  4    Str:  8    XL:     3   Next: 87%
Magic:  1/6        EV: 12    Int: 18    God:
Gold:   90         SH:  0    Dex: 13    Spells: 1/7 levels left

rFire   . . .      SeeInvis .   e - +1 dagger (pain)
rCold   + . .      Faith    .   (no shield)
rNeg    . . .      Spirit   .   a - +0 robe
rPois   .          Reflect  .   (no helmet)
rElec   .          Harm     .   (no cloak)
rCorr   .          Rampage  .   (no gloves)
Will    .....                   (no boots)
Stlth   ++........              (no amulet)
HPRegen 0.08/turn               d - ring of protection from cold
MPRegen 0.10/turn               (no ring)

@: no status effects
A: molten scales 1
a: no special abilities


You were on level 2 of the Dungeon.
You visited 1 branch of the dungeon, and saw 2 of its levels.

You collected 90 gold pieces.

Inventory:

Hand Weapons
 e - a +1 dagger of pain (weapon)
Armour
 a - a +0 robe (worn)
Jewellery
 d - a ring of protection from cold (left hand)
Scrolls
 j - a scroll of identify
Potions
 b - a potion of magic
 c - 3 potions of mutation
 f - a potion of heal wounds
 g - a potion of attraction
 h - a potion of invisibility
 i - a potion of flight {unknown}


   Skills:
 + Level 2.3 Dodging
 + Level 1.9 Stealth
 + Level 2.5 Spellcasting
 + Level 1.8 Conjurations
 + Level 3.3 Fire Magic


You had one spell level left.
You knew the following spells:

 Your Spells              Type           Power      Damage    Failure   Level
a - Foxfire               Conj/Fire      44%        2x1d6     6%          1
b - Scorch                Fire           28%        2d6       7%          2
c - Inner Flame           Hex/Fire       8%         N/A       26%         3

Your spell library contained the following spells:

 Spells                   Type           Power      Damage    Failure   Level
 Conjure Flame            Conj/Fire      11%        6-21      19%         3
 Flame Wave               Conj/Fire      11%        2d5       52%         4
 Animate Dead             Necr           2%         N/A       86%         4
 Borgnjor's Vile Clutch   Necr/Erth      1%         N/A       99%         5
 Death Channel            Necr           1%         N/A       100%        6


Dungeon Overview and Level Annotations

Branches:
Dungeon (2/15)

Altars:

Annotations:
D:2 Robin


Innate Abilities, Weirdness & Mutations

You are partially covered in molten scales. (AC +2)


Message History

You hit the goblin.
The goblin is severely wounded.
The hobgoblin closely misses you. The goblin hits you with a +0 club.
You barely miss the goblin.
The goblin is severely wounded.
The hobgoblin misses you. The goblin hits you but does no damage.
You hit the goblin.
You kill the goblin!
The hobgoblin barely misses you. Robin throws the goblin at you!
You closely miss the goblin. The goblin barely misses you.
The hobgoblin barely misses you.
You hit the goblin.
The goblin is heavily wounded.
The hobgoblin hits you. The goblin hits you with a +0 dagger.
You hit the goblin.
The goblin is severely wounded.
The goblin drinks a potion.
The goblin suddenly seems more resistant.
The hobgoblin closely misses you.
You closely miss the goblin.
The goblin is severely wounded.
The goblin misses you. The hobgoblin closely misses you.
Robin's bangles clink loudly.
You hit the goblin.
The goblin is almost dead.
The goblin barely misses you. The hobgoblin hits you.
You hit the goblin.
You kill the goblin!
The hobgoblin hits you.
* * * LOW HITPOINT WARNING * * *
Robin throws the goblin at you!
Items here: )) ††.
You hit the goblin.
Flame seeps out of the goblin.
The goblin is moderately wounded.
The hobgoblin barely misses you.
The goblin is engulfed in blazing flames.
The goblin explodes!
The fiery explosion engulfs you!!!
Ouch! That really hurt!
You die...

#.# #.# .# #.# .#
#.#.# .# #.#.# .#
#.#.# .# #.#.# .##
#.#.# ########..#
#.#>#####ggg@○§.#.#
####.#....g.g#####.#.#
#............ #.#.####
#.#..######..#
#......# #.#..#
#..#####.####.# #.#..#
#..#...#.# #.#.g###
#...###..#### #.#<...#
#.#.# #.....# #.#.##g#
#.#.###.###.#


You could see Robin, 3 hobgoblins and a goblin (strong).

Vanquished Creatures
  2 adders (D:2)
  A worm (D:2)
  4 ball pythons
  6 bats (D:1)
  2 endoplasms (D:1)
  3 giant cockroaches (D:1)
  7 goblins
  4 hobgoblins
  4 jackals (D:1)
  3 kobolds (D:1)
  A quokka (D:1)
  3 frilled lizards (D:1)
  A rat (D:2)
41 creatures vanquished.

Vanquished Creatures (others)
  81 foxfires
81 creatures vanquished.

Grand Total: 122 creatures vanquished

Notes
Turn   | Place    | Note
-------+----------+-------------------------------------------
     0 | D:1      | ytrimaz the Demonspawn Fire Elementalist began the quest
                  | for the Orb.
     0 | D:1      | Reached XP level 1. HP: 13/13 MP: 3/3
   327 | D:1      | Found a faded altar of an unknown god.
   495 | D:1      | Reached skill level 3 in Fire Magic
   495 | D:1      | Gained mutation: You are partially covered in molten
                  | scales. (AC +2) [demonic ancestry]
   495 | D:1      | Reached XP level 2. HP: 17/19 MP: 3/5
  1414 | D:1      | Reached XP level 3. HP: 24/24 MP: 2/6
  1726 | D:2      | Learned a level 2 spell: Scorch
  1730 | D:2      | Learned a level 3 spell: Inner Flame
  1767 | D:2      | Noticed Robin
  2431 | D:2      | Killed by an exploding goblin... ignited by their inner
                  | flame

Illustrated notes

Levels and vault maps discovered:
D:1:      wander_arrival_fairy_ring, layout_loops_ring,
          chequers_ecumenical_altar_twisty
D:2:      layout_loops_ring, uniq_robin

Skill      XL: |  1  2 |
---------------+-------+-----
Fire Magic     | 3 |  3.3
Dodging        | 2 |  2.3
Stealth        | |  1.9
Spellcasting   | |  2.5
Conjurations   | |  1.8

Action                   || total
-------------------------++-------
Melee: Unarmed           ||    20
       Dagger            ||    33
       Punch             ||     1
 Cast: Foxfire           ||    62
       Scorch            ||    10
       Inner Flame       ||     2
  Use: Scroll            ||     5
 Stab: Sleeping          ||     1
Armor: Robe              ||    48
Dodge: Dodged            ||   104

Table legend: (Time is in decaauts)
 A = Elapsed time spent in this place.
 B = Non-inter-level travel time spent in this place.
 C = Inter-level travel time spent in this place.
 D = Time resting spent in this place.
 E = Time spent auto-exploring this place.
 F = Levels seen in this place.
 G = Mean time per level.
                   A        B        C        D        E       F      G
               +--------+--------+--------+--------+--------+-----+--------+
         Total |   2430 |   2396 |     34 |    302 |   1645 |   2 | 1215.0 |
       Dungeon |   2430 |   2396 |     34 |    302 |   1645 |   2 | 1215.0 |
               +--------+--------+--------+--------+--------+-----+--------+

Top non-repeatable levels by time:
     D:1: 1934 daAuts
     D:2: 496 daAuts
